 Dungeon Crawl Stone Soup version 0.32-a0-314-g526f7d4993 (webtiles) character file.

Game seed: 14969156705275279

60 inqbanana the Changeling (level 3, -1/11 HPs)
             Began as a Felid Shapeshifter on Feb 16, 2024.
             Slain by Sigmund
             ... wielding a +0 scythe
              (12 damage)
             ... on level 2 of the Dungeon.
             The game lasted 00:03:11 (861 turns).

inqbanana the Changeling (Felid Shapeshifter)        Turns: 861, Time: 00:03:13

Health: -1/11      AC:  1    Str: 10    XL:     3   Next: 82%
Magic:  4/4        EV: 21    Int: 15    God:
Gold:   47         SH:  0    Dex: 15    Spells: 2/2 levels left
                                        Lives:  0   Deaths: 1

rFire   . .          .
                       - Unarmed
rCold   . . .        (shield unavailable)
rNeg    . . .        (body armour unavailable)
rPois   .            (helmet unavailable)
rElec   .            (cloak unavailable)
rCorr   .            (gloves unavailable)
SInv    +            (boots unavailable)
Will    .....        (no amulet)
Stlth   +            (no ring)
HPRegen 0.21/turn    (no ring)
MPRegen 0.09/turn

%: no passive effects
@: flux-form, glowing
A: glow, contaminating, reduced hp, very small, claws 1, fangs 3, see invisible,
shaggy fur 1, stealthy paws, no weapons or thrown items, no armour, multi-lived
a: Begin Untransformation


You were on level 2 of the Dungeon.
You were something dangerously unstable.
You visited 1 branch of the dungeon, and saw 2 of its levels.

You collected 47 gold pieces.

Inventory:

Talismans
 b - a beast talisman
 c - a flux talisman (active)
Scrolls
 d - a scroll of identify {unknown}
 g - a scroll of revelation {unknown}
Potions
 a - a potion of lignification
 e - 2 potions of haste {unknown}
 f - a potion of attraction {unknown}
 h - a potion of heal wounds {unknown}


   Skills:
 + Level 1.2 Fighting
 + Level 3.3 Dodging
 + Level 0.2 Stealth
 + Level 3.4 Unarmed Combat
 * Level 3.5 Shapeshifting


You had 2 spell levels left.
You didn't know any spells.
Your spell library was empty.

Dungeon Overview and Level Annotations

Branches:
Dungeon (2/15)

Altars:

Shops:
D:1 ??![[

Annotations:
D:2 Sigmund


Innate Abilities, Weirdness & Mutations

You are something dangerously unstable.
You glow with magical radiation, making you easy to see and hit.
Foes you strike become dangerously contaminated with magical radiation.
Your maximum health is decreased, since you lack skill for your form.
You have sharp claws.
You have razor-sharp teeth.
You have supernaturally acute eyesight. (SInv)
You are covered in fur. (AC +1)
Your paws help you pounce on unaware monsters.
You are incapable of wielding weapons or throwing items.
You cannot wear armour.
You gain extra lives every three experience levels.


Message History

a +1 dagger of protection; a goblin corpse A goblin comes into view.
It is wielding a +0 club.
Found a stone staircase leading up.
The goblin shouts!
A goblin is nearby!
You scratch the goblin.
The goblin begins to glow.
The goblin is almost dead.
The goblin hits you with a +0 club.
You scratch the goblin but do no damage.
The goblin glows dangerously bright.
You bite the goblin.
You kill the goblin!
Things that are here:
a +0 club; a goblin corpse Sigmund the Dreaded comes into view.
He is wielding a +0 scythe.
Sigmund shouts!
You hear a shout!
A kobold comes into view. It is wielding a +0 short sword.
There are monsters nearby!
The kobold shouts!
Sigmund screams, "I am the angel of ZOT!!!"
A kobold comes into view. It is wielding a +0 club.
Sigmund barely misses you.
You scratch Sigmund.
Sigmund begins to glow.
Sigmund is lightly wounded.
The kobold closely misses you. Sigmund completely misses you.
You scratch Sigmund.
Sigmund glows dangerously bright.
Sigmund is lightly wounded.
The kobold hits you with a +0 short sword.
Sigmund completely misses you.
The kobold throws a stone.
The stone completely misses you. Sigmund barely misses you.
You scratch the kobold.
The kobold begins to glow.
The kobold is severely wounded.
The kobold misses you.
You closely miss the kobold.
The kobold is severely wounded.
The kobold barely misses you.
Sigmund hits you from afar with a +0 scythe!
Ouch! That really hurt!
You die...
Sigmund begins carving another notch in his scythe.

#.#.# ####### ..
...#.. .......
##.###########..
#######
#......... >.
....... #.......#
.# #######
#.......# .#
+.......# .#
#.#####K......##
#....pK@.......##
########.........
#..####.## #..#
#..# #..# #..#
#..#### #.....#


You could see Sigmund (contam) and 2 kobolds.

Vanquished Creatures
  A ribbon worm (D:2)
  A dart slug (D:1)
  5 bats
  An endoplasm (D:1)
  A giant cockroach (D:1)
  5 goblins
  3 hobgoblins
  10 kobolds
  A ball python (D:1)
  4 rats
32 creatures vanquished.

Notes
Turn   | Place    | Note
-------+----------+-------------------------------------------
     0 | D:1      | inqbanana the Felid Shapeshifter began the quest for the
                  | Orb.
     0 | D:1      | Reached XP level 1. HP: 10/10 MP: 2/2
    40 | D:1      | Slain by a kobold
    40 | D:1      | Lost a life (0 lives remaining)
   118 | D:1      | Reached XP level 2. HP: 8/14 MP: 3/3
   164 | D:1      | Found Ideawk's Magic Scroll Shop.
   202 | D:1      | Found Coqep's Antique Armour Emporium.
   273 | D:1      | Found Meufoexe's Antique Armour Boutique.
   281 | D:1      | Reached XP level 3. HP: 9/18 MP: 4/4
   324 | D:1      | Found Sosohujika's Distillery.
   409 | D:1      | Found Kamidwon's Magic Scroll Shop.
   850 | D:2      | Noticed Sigmund
   861 | D:2      | Slain by Sigmund

Illustrated notes

Levels and vault maps discovered:
D:1:      lemuel_arrival_river_bridge, layout_rooms, serial_shops,
          nicolae_shop_peninsula, nicolae_square_shop,
          nicolae_shop_real_fake_doors, nicolae_shop_trees, shop
D:2:      layout_basic, uniq_sigmund, uniq_natasha, uniq_robin

Skill      XL: |  1 |
---------------+----+-----
Dodging        | 3 |  3.3
Shapeshifting  | 3 |  3.5
Fighting       | |  1.2
Stealth        | |  0.2
Unarmed Combat | |  3.4

Action                     || total
---------------------------++-------
  Melee: Unarmed           ||    89
         Bite              ||    11
Ability: Begin Untransform ||     2
 Armour: Skin              ||    27
  Dodge: Dodged            ||   107
   Form: Beast             ||     1
         Flux              ||     1

Table legend: (Time is in decaauts)
 A = Elapsed time spent in this place.
 B = Non-inter-level travel time spent in this place.
 C = Inter-level travel time spent in this place.
 D = Time resting spent in this place.
 E = Time spent auto-exploring this place.
 F = Levels seen in this place.
 G = Mean time per level.
                   A        B        C        D        E       F      G
               +--------+--------+--------+--------+--------+-----+--------+
         Total |    863 |    863 |      0 |      0 |    517 |   2 |  431.5 |
       Dungeon |    863 |    863 |      0 |      0 |    517 |   2 |  431.5 |
               +--------+--------+--------+--------+--------+-----+--------+

Top non-repeatable levels by time:
     D:1: 585 daAuts
     D:2: 278 daAuts
